Map: [ESL] Royal Blood

Players

SortOf

  • Race: Zerg Zerg
  • Spawn Location: 7:00

Lambo - Winner!

  • Race: Zerg Zerg
  • Spawn Location: 1:00

Event: ESL SC2 Masters 2023 Summer (Finals)

VOD

Have the link to the VOD?

Description

Time

  • Played on: June 16, 2023, 4:49 a.m.
  • Length: 8:02

All games in this series

Show
View Real Time Build Order
Export as new Build Order

SortOf Zerg 

Build Orders: Hatch First 

Get SALT Encoding   

  12  0:00  Drone  
  13  0:12  Overlord  
  13  0:16  Drone  
  14  0:31  Drone x2  
  16  0:48  Hatchery  
  15  0:51  Drone  
  15  0:54  Drone  
  17  0:58  Drone  
  18  1:08  Extractor  
  17  1:13  Spawning Pool  
  17  1:16  Drone  
  17  1:19  Drone  
  18  1:27  Drone  
  19  1:38  Drone  
  20  1:49  Drone  
  21  2:00  Queen x2  
  21  2:01  Drone, Zergling x2  
  27  2:10  Metabolic Boost  
  27  2:11  Overlord  
  27  2:12  Drone  
  28  2:28  Hatchery  
  27  2:31  Zergling x2  
  27  2:33  Drone  
  27  2:35  Drone  
  30  2:43  Drone  
  31  2:45  Baneling Nest  
  31  2:47  Drone  
  31  2:50  Overlord  
  31  2:56  Drone x2  
  33  3:06  Drone  
  33  3:10  Drone x3, Overlord  
  37  3:13  Drone  
  37  3:15  Drone  
  37  3:16  Zergling x2  
  40  3:20  Zergling x2  
  40  3:22  Drone  
  42  3:27  Queen  
  43  3:36  Drone, Roach Warren  
  43  3:37  Baneling  
  43  3:38  Drone  
  44  3:43  Drone x3  
  47  3:49  Drone x3  
  47  3:52  Drone  
  47  3:54  Evolution Chamber  
  50  3:55  Extractor  
  50  3:57  Drone x2  
  50  4:00  Drone  
  50  4:01  Drone  
  53  4:08  Baneling  
  53  4:09  Lair  
  52  4:12  Drone x3  
  52  4:15  Drone x2  
  57  4:18  Overlord  
  57  4:23  Extractor  
  56  4:25  Overlord  
  56  4:26  Drone  
  56  4:27  Zerg Missile Weapons Level 1  
  57  4:35  Overlord  
  57  4:38  Drone x2  
  59  4:40  Drone x3  
  59  4:41  Roach x2  
  59  4:42  Overlord  
  70  4:45  Roach x2  
  70  4:48  Roach  
  70  4:49  Roach  
  74  4:54  Overlord  
  74  4:55  Roach x2  
  74  4:58  Baneling  
  78  5:01  Roach  
  78  5:04  Zergling x6  
  78  5:05  Roach  
  87  5:07  Roach  
  87  5:12  Roach  
  85  5:15  Roach  
  85  5:17  Overlord  
  85  5:18  Roach  
  85  5:20  Roach, Overlord  
  90  5:25  Roach x2  
  85  5:28  Roach  
  85  5:34  Roach  
  77  5:38  Roach x2  
  77  5:42  Roach  
  72  5:44  Roach  
  72  5:48  Roach  
  72  5:50  Roach  
  72  5:54  Queen  
  72  5:57  Roach x2  
  78  6:07  Glial Reconstitution  
  78  6:11  Hatchery  
  78  6:13  Roach  
  78  6:15  Roach  
  78  6:17  Overlord  
  81  6:21  Queen  
  83  6:28  Roach x4  
  83  6:31  Roach  
  93  6:37  Roach x2  
  97  6:45  Roach x3  
  103  6:52  Overlord  
  103  6:53  Roach x2  
  107  6:55  Roach  
  107  6:56  Drone  
  110  7:05  Roach x3  
  110  7:06  Overlord  
  116  7:14  Roach x2  
  120  7:20  Roach  
  122  7:24  Roach x2  
  122  7:28  Roach  
  126  7:30  Extractor  
  126  7:32  Roach x3  
  126  7:36  Roach  
  133  7:41  Roach x2  
Show
View Real Time Build Order
Export as new Build Order

Lambo Zerg - Winner!

Build Orders: Hatch First 

Get SALT Encoding   

  12  0:00  Drone  
  13  0:12  Overlord  
  13  0:17  Drone  
  14  0:30  Drone x2  
  16  0:47  Hatchery  
  15  0:51  Drone  
  15  0:54  Drone  
  17  0:57  Drone  
  18  1:08  Extractor  
  17  1:13  Spawning Pool  
  17  1:17  Drone  
  17  1:19  Drone  
  18  1:27  Drone  
  19  1:38  Drone  
  20  1:49  Drone  
  21  1:59  Queen x2  
  21  2:00  Overlord, Zergling x2  
  26  2:08  Metabolic Boost  
  26  2:10  Drone x2  
  28  2:21  Drone x2  
  30  2:31  Drone  
  30  2:32  Drone  
  32  2:37  Hatchery  
  32  2:42  Drone  
  32  2:45  Baneling Nest  
  32  2:49  Overlord  
  31  2:53  Drone  
  31  2:55  Zergling x2  
  33  3:04  Drone  
  34  3:08  Drone x4  
  34  3:09  Drone x2  
  34  3:11  Zergling x2  
  41  3:18  Zergling x4  
  43  3:24  Extractor, Roach Warren  
  41  3:30  Overlord  
  41  3:32  Drone  
  42  3:34  Baneling  
  42  3:38  Evolution Chamber  
  42  3:40  Drone x3  
  44  3:46  Overlord  
  44  3:48  Overlord  
  44  3:53  Drone  
  44  4:11  Roach x3  
  44  4:12  Roach x6  
  44  4:15  Roach  
  64  4:18  Roach  
  66  4:29  Roach x3  
  71  4:38  Zergling x4  
  71  4:40  Overlord  
  71  4:44  Overlord  
  73  4:45  Baneling x3  
  73  4:54  Baneling  
  73  4:55  Baneling  
  73  4:59  Drone x8  
  81  5:07  Drone x2  
  81  5:14  Drone  
  84  5:16  Drone  
  84  5:18  Drone  
  84  5:19  Drone x3  
  84  5:20  Zerg Missile Weapons Level 1  
  89  5:23  Extractor, Queen  
  89  5:26  Drone x4  
  89  5:30  Drone x2  
  89  5:34  Lair  
  87  5:36  Extractor, Drone x2  
  87  5:40  Drone  
  85  5:47  Overlord  
  82  5:53  Roach x4  
  90  5:57  Overlord  
  90  6:00  Extractor  
  90  6:01  Extractor, Overlord  
  90  6:02  Drone x2  
  90  6:11  Drone x3  
  90  6:14  Drone x3  
  90  6:16  Hatchery  
  95  6:21  Overlord  
  95  6:24  Drone  
  95  6:25  Roach  
  98  6:30  Spine Crawler x2  
  98  6:31  Roach x6  
  98  6:32  Glial Reconstitution  
  107  6:34  Roach  
  107  6:35  Ravager  
  110  6:40  Roach x2  
  110  6:44  Roach x4  
  122  6:48  Overlord  
  124  6:55  Overlord, Overseer  
  124  6:59  Overlord  
  124  7:00  Overlord  
  124  7:02  Overlord x2  
  124  7:04  Overlord  
  124  7:05  Overlord  
  124  7:09  Drone  
  124  7:12  Roach x2  
  124  7:13  Ravager x2  
  124  7:14  Overlord, Ravager  
  132  7:16  Roach x3  
  132  7:21  Roach  
  132  7:22  Roach x2  
  144  7:27  Evolution Chamber  
  143  7:30  Overlord  
  143  7:32  Roach x5  
  153  7:38  Roach  
  153  7:39  Roach x2  
  153  7:42  Roach x3  
Tags
 
Add a new tag
Caveats
  • Supply blocks, unpowered buildings, or Contaminate may cause inaccurate times.
  • Supply counts are checked every 10 seconds.